 Seeded DCSS version 0.30.1 (webtiles) character file.

Game seed: 784279740803775113 (custom seed)

120 McKennaii the Conjurer (level 4, -4/49 HPs)
             Began as a Demigod Conjurer on July 11, 2023.
             Constricted to death by Ijyb (7 damage)
             ... on level 3 of the Dungeon.
             The game lasted 00:01:50 (2459 turns).

McKennaii the Conjurer (Demigod Conjurer)           Turns: 2459, Time: 00:01:50

Health: -4/49      AC: 22    Str:  8    XL:     4   Next: 47%
Magic:  1/11       EV: -1    Int: 24    God:
Gold:   189        SH:  0    Dex: 12    Spells: 6/9 levels left

rFire   . . .        v - +0 dagger
rCold   . . .        (no shield)
rNeg    . . .        a - melded +0 robe
rPois   +            (helmet currently unavailable)
rElec   .            h - melded +0 cloak
rCorr   .            (gloves currently unavailable)
SInv    .            c - melded +0 pair of boots
Will    .....        (no amulet)
Stlth   ++           (no ring)
HPRegen 0.28/turn    (no ring)
MPRegen 0.12/turn

%: no passive effects
@: tree-form, grasped by roots, constricted
A: stationary, stasis, torment immunity, boosted hp, high MP 1, forlorn, divine
attributes
a: no special abilities


You were on level 3 of the Dungeon.
You were a tree.
You visited 1 branch of the dungeon, and saw 3 of its levels.

You collected 189 gold pieces.

Inventory:

Hand Weapons
 v - a +0 dagger (weapon)
Armour
 a - a +0 robe (melded)
 c - a +0 pair of boots (melded)
 h - a +0 cloak (melded)
Scrolls
 d - a scroll of poison {unknown}
 e - a scroll of immolation {unknown}
 g - a scroll of enchant armour {unknown}
 i - a scroll of identify {unknown}
 j - 3 scrolls of blinking {unknown}
 n - a scroll of torment {unknown}
 o - a scroll of noise {unknown}
 q - a scroll of silence {unknown}
 u - 2 scrolls of acquirement {unknown}
Potions
 b - a potion of magic
 f - a potion of haste {unknown}
 k - a potion of degeneration {unknown}
 l - a potion of brilliance {unknown}
 m - a potion of ambrosia {unknown}
 p - a potion of resistance {unknown}
 r - a potion of flight {unknown}


   Skills:
 - Level 1.7 Dodging
 - Level 1.7 Stealth
 + Level 3.2 Spellcasting
 + Level 4.7 Conjurations


You had 6 spell levels left.
You knew the following spells:

 Your Spells              Type           Power      Damage    Failure   Level
a - Magic Dart            Conj           100%       1d8       1%          1
b - Searing Ray           Conj           52%        2d6       2%          2

Your spell library contained the following spells:

 Spells                   Type           Power      Damage    Failure   Level
 Sandblast                Erth           6%         2d5       11%         1
 Dazzling Flash           Conj/Hex       30%        N/A       12%         3
 Stone Arrow              Conj/Erth      30%        3d8       12%         3
 Passwall                 Tmut/Erth      2%         N/A       16%         2
 Fulminant Prism          Conj/Hex       7%         3d7       36%         4
 Iskenderun's Mystic Bla  Conj/Tloc      15%        2d5       36%         4


Dungeon Overview and Level Annotations

Branches:
Dungeon (3/15)

Shops:
D:2 [

Annotations:
D:3 Ijyb


Innate Abilities, Weirdness & Mutations

You are a tree.
Your roots penetrate the ground, keeping you stationary.
You cannot be teleported.
You are immune to unholy pain and torment.
Your maximum health is greatly increased.
Your equipment is partially melded.
You have an increased reservoir of magic. (+10% MP)
You shall have no god before yourself.
Your divine heritage dramatically boosts your attributes as you level up.


Message History

Ijyb is severely wounded.
Ijyb hits you but does no damage. The grasping roots constrict you.
* * * LOW HITPOINT WARNING * * *
The grasping roots release their grip on you.
Unknown command.
Casting: Searing Ray (safe; 2% risk of failure)
Confirm with . or Enter, or press ? or * to list all spells.
Aiming: Searing Ray (safe; 2% risk of failure)
Press: ? - help, Shift-Dir - straight line, f/p - Ijyb
Aim: Ijyb, wielding a +0 club, wearing a +0 ring mail and carrying a wand of roots (3) (severely wounded, 77% to hit)
The searing ray hits Ijyb but does no damage.
Ijyb is severely wounded. (Press . to maintain the ray.) Ijyb zaps a wand.
The roots erupt in riotous growth!
The grasping roots grab you!
Ijyb is unaffected.
The grasping roots constrict you.
Unknown command.
You hit Ijyb but do no damage.
Ijyb is severely wounded.
Ijyb hits you but does no damage. The grasping roots constrict you.
The grasping roots release their grip on you.
You closely miss Ijyb.
Ijyb is severely wounded.
Ijyb hits you but does no damage.
Unknown command.
You hit Ijyb.
Ijyb is severely wounded.
Ijyb hits you but does no damage.
You hit Ijyb.
Ijyb is almost dead.
Ijyb zaps a wand.
The roots erupt in riotous growth!
The grasping roots grab you!
Ijyb is unaffected.
The grasping roots constrict you.
You barely miss Ijyb.
Ijyb is almost dead.
Ijyb hits you but does no damage. The grasping roots constrict you.
You hit Ijyb.
Ijyb is almost dead.
Ijyb hits you but does no damage. The grasping roots constrict you!
You die...

#.# ..# #.# #
#........# #.# #.# # #
#........# #.# #.# .#
# #........####.#
#.##.# #........'....#
#....# #........#
#..###..# #
#........###..#....#
###........#...g♣.##.#
#..........#.#..####.#
#....#######.#..# #.#
#....######..#..# #.#
#....'.......#..#
#.#######
#....###.###.#..#
#.......# #....##..#
#.#..##########.#
.....##.##
#.#.............#
...###..#
#.#.##########..#


You could see Ijyb.

Vanquished Creatures
  6 adders
  2 worms
  A dart slug (D:1)
  5 ball pythons
  9 endoplasms
  3 giant cockroaches (D:1)
  5 goblins
  5 hobgoblins
  A jackal (D:1)
  5 quokkas
  3 bats
  3 frilled lizards
  4 kobolds
  4 rats
56 creatures vanquished.

Notes
Turn   | Place    | Note
-------+----------+-------------------------------------------
     0 | D:1      | McKennaii the Demigod Conjurer began the quest for the Orb.
     0 | D:1      | Reached XP level 1. HP: 14/14 MP: 5/5
   294 | D:1      | Reached XP level 2. HP: 20/20 MP: 3/7
   297 | D:1      | Learned a level 2 spell: Searing Ray
   512 | D:1      | Reached skill level 4 in Conjurations
  1150 | D:2      | Found Pokeelur's Armour Boutique.
  1215 | D:2      | Reached XP level 3. HP: 26/26 MP: 7/9
  1670 | D:2      | Reached XP level 4. HP: 15/33 MP: 3/11
  2366 | D:3      | Noticed Ijyb
  2452 | D:3      | HP: 1/49 [constriction (6)]
  2459 | D:3      | Constricted to death by Ijyb

Illustrated notes

Levels and vault maps discovered:
D:1:      psy_arrival_conway, layout_basic, hangedman_decor_points, st_stairs_6
D:2:      layout_basic, basic_altar, serial_shops, shop
D:3:      layout_basic, nicolae_vehumet_radiance, cheibrodos_sewer_entry_drain,
          uniq_robin, uniq_ijyb

Skill      XL: |  1  2  3 |
---------------+----------+-----
Spellcasting   | 2 3 |  3.2
Conjurations   | 4 |  4.7
Dodging        | |  1.7
Stealth        | |  1.7

Action                     |  1- 3 |  4- 6 || total
---------------------------+-------+-------++-------
  Melee: Unarmed           |    14 |       ||    14
         Dagger            |       |    15 ||    15
   Cast: Magic Dart        |    89 |    34 ||   123
         Searing Ray       |     1 |     4 ||     5
    Use: Potion            |       |     2 ||     2
 Armour: Robe              |     8 |     4 ||    12
         Skin              |       |     7 ||     7
  Dodge: Dodged            |    27 |     2 ||    29
